 Dungeon Crawl Stone Soup version 0.31-a0-44-g49d609d0da (webtiles) character file.

Game seed: 2498244429975046103

207 ooooo the Conjurer (level 5, -11/33 HPs)
             Began as an Octopode Conjurer on May 20, 2023.
             Mangled by an ice beast (12 damage)
             ... on level 4 of the Dungeon.
             The game lasted 00:06:50 (4571 turns).

ooooo the Conjurer (Octopode Conjurer)              Turns: 4571, Time: 00:06:51

Health: -11/33     AC:  2    Str:  6    XL:     5   Next: 85%
Magic:  6/8        EV: 13    Int: 22    God:
Gold:   165        SH:  0    Dex: 11    Spells: 1/8 levels left

rFire   . . .        g - +1 short sword
rCold   . . .        (no shield)
rNeg    . . .        c - +1 hat
rPois   +            (no amulet)
rElec   .            n - ring of poison resistance
rCorr   .            (no ring)
SInv    .            (no ring)
Will    .....        (no ring)
Stlth   +++          (no ring)
HPRegen 0.25/turn    (no ring)
MPRegen 0.11/turn    (no ring)
                     (no ring)

%: no passive effects
@: no status effects
A: almost no armour, amphibious, 8 rings, camouflage 1, gelatinous body 1,
(nimble swimmer 1), tentacles
a: no special abilities


You were on level 4 of the Dungeon.
You visited 1 branch of the dungeon, and saw 5 of its levels.

You collected 217 gold pieces.
You spent 52 gold pieces at shops.

Inventory:

Hand Weapons
 g - a +1 short sword (weapon)
Missiles
 f - 20 poisoned darts (quivered)
Armour
 c - a +1 hat (worn)
 h - an orb of energy
Jewellery
 n - a ring of poison resistance (left tentacle)
Scrolls
 i - a scroll of silence {unknown}
 k - a scroll of teleportation {unknown}
 l - a scroll of enchant armour {unknown}
 o - 2 scrolls of amnesia
Potions
 b - a potion of lignification {unknown}
 d - 2 potions of ambrosia
 e - a potion of mutation {unknown}
 j - 3 potions of curing
 m - a potion of invisibility {unknown}


   Skills:
 + Level 1.1 Fighting
 + Level 2.4 Dodging
 + Level 3.2 Stealth
 + Level 2.4 Spellcasting
 * Level 6.0 Conjurations
 + Level 1.0 Hexes


You had one spell level left.
You knew the following spells:

 Your Spells              Type           Power      Damage    Failure   Level
a - Searing Ray           Conj           58%        2d6       1%          2
b - Magic Dart            Conj           100%       1d8       1%          1
c - Fulminant Prism       Conj/Hex       9%         3d7       30%         4

Your spell library contained the following spells:

 Spells                   Type           Power      Damage    Failure   Level
 Apportation              Tloc           4%         N/A       13%         1
 Necrotise                Necr           8%         1d4       13%         1
 Summon Small Mammal      Summ           8%         N/A       13%         1
 Dazzling Flash           Conj/Hex       36%        N/A       10%         3
 Ensorcelled Hibernation  Hex/Ice        8%         N/A       16%         2
 Iskenderun's Mystic Bla  Conj/Tloc      15%        2d5       36%         4
 Haunt                    Necr/Summ      1%         N/A       100%        7
 Monstrous Menagerie      Summ           1%         N/A       100%        7


Dungeon Overview and Level Annotations

Branches:
Dungeon (5/15) Zot: 25424
 Temple: D:4-7

Altars:

Shops:
D:2 [   D:3 ?


Innate Abilities, Weirdness & Mutations

You cannot wear most types of armour.
You are amphibious.
You can wear up to eight rings at the same time.
Your skin changes colour to match your surroundings (Stealth+).
Your rubbery body absorbs attacks. (AC +1, EV +1)
((You are camouflaged when in or above water. (Stealth+)))
You have tentacles for arms and can constrict up to eight enemies at once.


Message History

Casting: Fulminant Prism (extremely dangerous; 30% risk of failure)
Confirm with . or Enter, or press ? or * to list all spells.
Aiming: Searing Ray (safe; 1% risk of failure)
Press: ? - help, Shift-Dir - straight line, f - ice beast
Aim: an ice beast (79% to hit)
The searing ray hits the ice beast!
The ice beast is moderately wounded. (Press . to maintain the ray.)
Your fulminant prism crackles loudly.
The searing ray hits the ice beast but does no damage.
The ice beast is moderately wounded.
Your fulminant prism explodes!
The blast of energy engulfs the ice beast.
The ice beast is moderately wounded.
You hear an angry growl.
You hear a bark!
Unknown command.
The searing ray hits the ice beast!
The ice beast is almost dead.
Without enough magic to sustain it, your searing ray dissipates.
The ice beast closely misses you.
Unknown command.
You hit the ice beast.
The ice beast is almost dead.
The ice beast hits you. The ice beast freezes you!
You aren't carrying any items that you can evoke.
Magic courses through your body. The ice beast hits you.
The ice beast freezes you!
* * * LOW HITPOINT WARNING * * *
Casting: Searing Ray (safe; 1% risk of failure)
Confirm with . or Enter, or press ? or * to list all spells.
Aiming: Searing Ray (safe; 1% risk of failure)
Press: ? - help, Shift-Dir - straight line, f/p - ice beast
Aim: an ice beast (almost dead, 79% to hit)
The searing ray hits the ice beast but does no damage.
The ice beast is almost dead. (Press . to maintain the ray.)
The ice beast hits you.
* * * LOW HITPOINT WARNING * * *
The ice beast freezes you!
You die...

#.######...>### .....[.
#....#...>#....#........
#.........####.#........
...........# ....)..... .
............# #.......<. ..
............####........>
.... #.........###...........
.....#.............#.).......
... .......#.).@Y..#<.......
.# #......#.#####..#.......
.# #.#.#.#.)..# ##.##......
#............##### #..#......
.....#.......# ##.# ..... .
..">..?...###... .. ..... #
......###.... . .#. ...# ..
...... ...### .#...###
.#...... ....#


You could see an ice beast.

Vanquished Creatures
  An iguana (D:4)
  4 gnolls (D:3)
  6 adders
  An ufetubus (D:4)
  4 worms
  3 dart slugs
  An orc (D:3)
  7 ball pythons
  4 endoplasms
  5 giant cockroaches
  6 hobgoblins
  5 kobolds
  4 quokkas
  8 bats
  2 frilled lizards
  5 goblins
  5 rats
71 creatures vanquished.

Vanquished Creatures (others)
  A fulminant prism (D:4)
1 creature vanquished.

Grand Total: 72 creatures vanquished

Notes
Turn   | Place    | Note
-------+----------+-------------------------------------------
     0 | D:1      | ooooo the Octopode Conjurer began the quest for the Orb.
     0 | D:1      | Reached XP level 1. HP: 11/11 MP: 3/3
     6 | D:1      | Noticed an iguana
     6 | D:1      | Noticed an imperial myrmidon
     7 | D:1      | Noticed an ettin
   440 | D:1      | Reached XP level 2. HP: 17/17 MP: 3/5
   443 | D:1      | Learned a level 2 spell: Searing Ray
  1506 | D:2      | Reached skill level 5 in Conjurations
  1506 | D:2      | Reached XP level 3. HP: 21/21 MP: 2/6
  1771 | D:2      | Got the Parchment of the Cooperative Iceberg
  1852 | D:2      | Found Vicixzir's Antique Armour Boutique.
  2405 | D:2      | Reached XP level 4. HP: 23/27 MP: 0/7
  2668 | D:2      | Learned a level 4 spell: Fulminant Prism
  3097 | D:3      | Reached XP level 5. HP: 16/32 MP: 2/8
  3455 | D:3      | Found Ibien's Magic Scroll Emporium.
  3464 | D:3      | Bought a scroll of amnesia for 52 gold pieces
  3602 | D:4      | You fall into a shaft and drop 1 floor!
  3602 | D:5      | Entered Level 5 of the Dungeon
  3984 | D:4      | Reached skill level 1 in Fighting
  4025 | D:4      | Noticed a black bear
  4038 | D:4      | Noticed an ice beast
  4097 | D:4      | Reached skill level 6 in Conjurations
  4097 | D:4      | Reached skill level 1 in Hexes
  4145 | D:4      | Noticed a black bear
  4571 | D:4      | HP: 1/33 [ice beast (2)]
  4571 | D:4      | Mangled by an ice beast

Illustrated notes

Levels and vault maps discovered:
D:1:      onia_arrival_zoo_common, layout_basic
D:2:      layout_loops_ring, serial_shops, nicolae_shop_window_shopping
D:3:      layout_rooms, serial_shops, shop
D:4:      layout_rooms, nicolae_overflow_crystal_walls, st_stairs_4,
          moated_statue
D:5:      layout_rooms, fedhas_altar_fruit_tree,
          minmay_temple_entry_sparse_star, serial_bayou_ford_a

Skill      XL: |  1  2  3  4  5 |
---------------+----------------+-----
Conjurations   | 5 6 |  6.0
Stealth        | 3 |  3.2
Fighting       | 1 |  1.1
Hexes          | 1 |  1.0
Dodging        | |  2.4
Spellcasting   | |  2.4

Action                     |  1- 3 |  4- 6 || total
---------------------------+-------+-------++-------
  Melee: Short sword       |     4 |     5 ||     9
         Constrict         |     2 |     1 ||     3
         Tentacles         |     2 |     1 ||     3
  Throw: Dart              |       |     1 ||     1
   Cast: Magic Dart        |    18 |     3 ||    21
         Searing Ray       |    30 |    28 ||    58
         Fulminant Prism   |       |     1 ||     1
    Use: Scroll            |     4 |     1 ||     5
         Potion            |       |     1 ||     1
   Stab: Sleeping          |       |     1 ||     1
 Armour: Skin              |     2 |     1 ||     3
  Dodge: Dodged            |     5 |    13 ||    18

Table legend: (Time is in decaauts)
 A = Elapsed time spent in this place.
 B = Non-inter-level travel time spent in this place.
 C = Inter-level travel time spent in this place.
 D = Time resting spent in this place.
 E = Time spent auto-exploring this place.
 F = Levels seen in this place.
 G = Mean time per level.
                   A        B        C        D        E       F      G
               +--------+--------+--------+--------+--------+-----+--------+
         Total |   4575 |   4322 |    253 |    691 |   3096 |   5 |  915.0 |
       Dungeon |   4575 |   4322 |    253 |    691 |   3096 |   5 |  915.0 |
               +--------+--------+--------+--------+--------+-----+--------+

Top non-repeatable levels by time:
     D:2: 1591 daAuts
     D:3: 1407 daAuts
     D:1: 1269 daAuts
     D:4: 292 daAuts
     D:5: 13 daAuts
